 Dungeon Crawl Stone Soup version 0.23-a0-517-gb7c078159a (webtiles) character file.

705 Mvbhfdvhfcksjkasc the Covert (level 7, -1/32 HPs)
             Began as a Spriggan Enchanter on Dec 6, 2018.
             Slain by an orc wizard
             ... wielding a +0 dagger
              (5 damage)
             ... on level 4 of the Dungeon.
             The game lasted 00:09:04 (4510 turns).

Mvbhfdvhfcksjkasc the Covert (Spriggan Enchanter)   Turns: 4510, Time: 00:09:04

Health: -1/32      AC:  3    Str:  5    XL:     7   Next: 39%
Magic:  6/15       EV: 18    Int: 17    God:
Gold:   117        SH:  0    Dex: 17    Spells: 3/15 levels left

rFire    . . .     SeeInvis +   b - +2 short sword (venom)
rCold    . . .     Gourm    .   (shield restricted)
rNeg     + . .     Faith    .   i - +1 robe {MR+}
rPois    .         Spirit   .   (helmet restricted)
rElec    .         Reflect  .   (no cloak)
rCorr    .         Harm     .   (gloves unavailable)
MR       ++...                  (boots unavailable)
Stlth    +++++.....             (no amulet)
HPRegen  0.10/turn              f - ring of positive energy
MPRegen  0.14/turn              (no ring)

@: very quick
A: very small, unfitting armour, see invisible, herbivore, speed 3, slow
metabolism 2
a: no special abilities


You were on level 4 of the Dungeon.
You were not hungry.

You visited 1 branch of the dungeon, and saw 4 of its levels.

You collected 117 gold pieces.

Inventory:

Hand Weapons
 a - a +1 dagger
 b - a +2 short sword of venom (weapon)
 l - a +2 dagger of freezing
Armour
 i - a +1 robe of magic resistance (worn)
Jewellery
 f - a ring of positive energy (left hand)
Scrolls
 c - 2 scrolls of remove curse
 g - 3 scrolls of teleportation
Potions
 h - a potion of brilliance
 j - a potion of flight
 m - a potion of berserk rage
Comestibles
 d - 3 rations


   Skills:
 - Level 1.1 Short Blades
 - Level 3.0 Dodging
 + Level 10.9 Stealth
 - Level 4.9 Spellcasting
 - Level 5.5 Hexes


You had 3 spell levels left.
You knew the following spells:

 Your Spells              Type           Power        Failure   Level  Hunger
a - Ensorcelled Hibernat  Hex/Ice        ##....       7%          2    #......
b - Corona                Hex            ###....      1%          1    None
c - Confuse               Hex            ###.....     4%          3    ###....
d - Tukima's Dance        Hex            ###.....     4%          3    ###....
e - Dazzling Spray        Conj/Hex       ##....       14%         3    ###....

Your spell library contained the following spells:

 Spells                   Type           Power        Failure   Level  Hunger


Dungeon Overview and Level Annotations

Branches:
Dungeon (4/15)
 Temple: D:4-7

Altars:


Innate Abilities, Weirdness & Mutations

You are very small and have problems with some larger weapons.
You are too small for most types of armour.
You have supernaturally acute eyesight. (SInv)
You are a herbivore.
You cover ground extremely quickly.
You need to consume almost no food.


Message History

The orc wizard completely misses you.
Casting: Dazzling Spray (safe; 14% risk of failure)
Confirm with . or Enter, or press ? or * to list all spells.
Aiming: Dazzling Spray (safe; 14% risk of failure)
Press: ? - help, Shift-Dir - straight line, f/p - orc wizard
Aim: an orc wizard, wielding a +0 dagger and wearing a +0 robe (poisoned)
The spray of energy misses the orc wizard. x2
The orc wizard gestures wildly while chanting.
The orc wizard seems to speed up.
Casting: Dazzling Spray (safe; 14% risk of failure)
Confirm with . or Enter, or press ? or * to list all spells.
Aiming: Dazzling Spray (safe; 14% risk of failure)
Press: ? - help, Shift-Dir - straight line, f/p - orc wizard
Aim: an orc wizard, wielding a +0 dagger and wearing a +0 robe (fast, poisoned)
The spray of energy hits the orc wizard.
The orc wizard is heavily wounded.
The spray of energy hits the orc wizard.
You kill the orc wizard!
The orc wizard hits you with a +0 dagger.
You die...

#.#####.# #.. ..##.# #..
#.##.# .. #.##.##.# ..
##########.......# #.
#.......##.##.##.# #.
#....)..##.....#.######.
#.......##.##..#........
#.....o@##.#)..)........
#.......##.#...#........
#..........$.....######.
#....#####....>### #.
####. #.#.### #. # #...#
#. #.#.# #.
#.#.##########.
....#..........


You could see an orc wizard.

Vanquished Creatures
  An ogre (D:4)
  2 centaurs
  A scorpion (D:3)
  2 hounds (D:4)
  3 orc priests
  3 orc wizards (D:4)
  Jessica (D:2)
  6 adders
  An ooze (D:2)
  5 worms
  A dart slug (D:2)
  5 leopard geckos (D:4)
  8 orcs
  A ball python (D:2)
  5 bats
  5 giant cockroaches
  4 hobgoblins
  6 jackals
  A quokka (D:4)
  10 frilled lizards
  10 goblins
  7 kobolds
  6 rats
94 creatures vanquished.

Notes
Turn   | Place    | Note
-------+----------+-------------------------------------------
     0 | D:1      | Mvbhfdvhfcksjkasc the Spriggan Enchanter began the quest
                  | for the Orb.
     0 | D:1      | Reached XP level 1. HP: 9/9 MP: 5/5
   476 | D:1      | Reached XP level 2. HP: 13/13 MP: 7/7
   480 | D:1      | Learned a level 2 spell: Ensorcelled Hibernation
  1172 | D:2      | Reached XP level 3. HP: 16/16 MP: 6/9
  1177 | D:2      | Learned a level 3 spell: Confuse
  1181 | D:2      | Learned a level 3 spell: Tukima's Dance
  1635 | D:2      | Noticed Jessica
  1638 | D:2      | Killed Jessica
  1638 | D:2      | Reached skill level 5 in Hexes
  1638 | D:2      | Reached XP level 4. HP: 21/21 MP: 11/11
  2176 | D:2      | Learned a level 3 spell: Dazzling Spray
  2461 | D:3      | Found a faded altar of an unknown god.
  2755 | D:3      | Reached XP level 5. HP: 24/24 MP: 11/13
  2758 | D:3      | Noticed a centaur
  3004 | D:3      | Reached skill level 5 in Stealth
  3224 | D:3      | Reached skill level 6 in Stealth
  3232 | D:3      | Killed a centaur
  3232 | D:3      | Reached skill level 7 in Stealth
  3232 | D:3      | Reached XP level 6. HP: 17/28 MP: 8/14
  3524 | D:4      | Reached skill level 8 in Stealth
  4030 | D:4      | Reached skill level 9 in Stealth
  4042 | D:4      | Reached XP level 7. HP: 19/32 MP: 15/15
  4067 | D:4      | Reached skill level 10 in Stealth
  4510 | D:4      | Slain by an orc wizard

Vault maps used:
D:1:      dpeg_arrival_connections, grunt_decor_arrowhead
D:2:      serial_bayou_pond_c, uniq_jessica
D:3:      chequers_ecumenical_altar_simple, minmay_misc_feat_room
D:4:      nicolae_ru_path_of_blood

Skill      XL: |  1  2  3  4  5  6  7 |
---------------+----------------------+-----
Spellcasting   | 3 4 |  4.9
Hexes          | 4 5 |  5.5
Stealth        | 7 9 10 | 10.9
Short Blades   | |  1.1
Dodging        | |  3.0

Action                   |  1- 3 |  4- 6 |  7- 9 || total
-------------------------+-------+-------+-------++-------
Melee: Dagger            |    76 |    47 |       ||   123
       Short sword       |       |    93 |    22 ||   115
 Cast: Ensorcelled Hiber |    10 |    14 |     4 ||    28
       Dazzling Spray    |       |     5 |     3 ||     8
       Confuse           |       |     2 |       ||     2
  Use: Scroll            |    10 |     2 |     2 ||    14
       Potion            |       |     3 |       ||     3
 Stab: Sleeping          |    18 |    14 |     4 ||    36
       Confused          |       |     2 |       ||     2
       Distracted        |       |     1 |     1 ||     2
  Eat: Ration            |       |     1 |     1 ||     2
Armor: Robe              |     3 |    15 |       ||    18
Dodge: Dodged            |    48 |   114 |    16 ||   178

Table legend:
 A = Non-vault XP
 B = Vault XP
 C = Vault XP percentage of total XP
 D = Non-vault monster count
 E = Vault monster count
 F = Vault count percentage of total count
                 A         B        C        D         E       F
            +---------+---------+-------+---------+---------+-------
      Total |     971 |      37 |   3.7 |      93 |       1 |   1.1
            +---------+---------+-------+---------+---------+-------
        D:1 |      15 |       0 |   0.0 |      12 |       0 |   0.0
        D:2 |      86 |      37 |  30.1 |      28 |       1 |   3.4
        D:3 |     291 |       0 |   0.0 |      30 |       0 |   0.0
        D:4 |     579 |       0 |   0.0 |      23 |       0 |   0.0
            +---------+---------+-------+---------+---------+-------
